 Dungeon Crawl Stone Soup version 0.29.1-15-g9cfb28693d (webtiles) character file.

Game seed: 9333273059160825323

6452 HOAXBANE2 the Protected (level 11, -18/84 HPs)
             Began as a Human Artificer on Mar 9, 2023.
             Was a Believer of Qazlal.
             Demolished by a two-headed ogre
             ... wielding a +0 giant club
              (22 damage)
             ... on level 7 of the Dungeon.
             The game lasted 01:20:14 (11614 turns).

HOAXBANE2 the Protected (Human Artificer)          Turns: 11614, Time: 01:20:15

Health: -18/84     AC: 16    Str: 16    XL:     11   Next: 18%
Magic:  14/14      EV: 14    Int: 13    God:    Qazlal [**....]
Gold:   199        SH:  3    Dex: 19    Spells: 12/14 levels left

rFire   . . .      SeeInvis .   p - +2 quarterstaff (chaos)
rCold   + . .      Faith    .   (shield currently unavailable)
rNeg    . . .      Spirit   .   c - +0 steam dragon scales
rPois   .          Reflect  .   a - +0 helmet
rElec   .          Harm     .   q - +2 cloak {Stlth+}
rCorr   .          Rampage  .   l - +1 pair of gloves
Will    .....                   F - +0 pair of boots
Stlth   +++.......              x - amulet of regeneration
HPRegen 1.04/turn               o - ring of protection from cold
MPRegen 0.14/turn               C - +6 ring of dexterity

@: mighty
A: no striking features
a: Renounce Religion, Upheaval


You were on level 7 of the Dungeon.
You worshipped Qazlal.
Qazlal was pleased with you.
You visited 1 branch of the dungeon, and saw 7 of its levels.

You collected 486 gold pieces.
You spent 287 gold pieces at shops.

Inventory:

Hand Weapons
 p - a +2 quarterstaff of chaos (weapon)
 J - a +0 glaive
Missiles
 D - 18 poisoned darts
 E - an atropa-tipped dart (quivered)
Armour
 a - a +0 helmet (worn)
 c - +0 steam dragon scales (worn)
 k - +0 swamp dragon scales
 l - a +1 pair of gloves (worn)
 q - a +2 cloak of stealth (worn)
 y - a +0 buckler of cold resistance
 F - a +0 pair of boots (worn)
 I - +0 acid dragon scales
Jewellery
 o - a ring of protection from cold (left hand)
 w - a ring of poison resistance
 x - an amulet of regeneration (around neck)
 C - a +6 ring of dexterity (right hand)
Wands
 d - a wand of charming (10)
 e - a wand of iceblast (4)
 G - a wand of digging (10)
 H - a wand of roots (3)
Scrolls
 b - a scroll of blinking
 g - 3 scrolls of vulnerability
 h - a scroll of amnesia
 j - 3 scrolls of magic mapping {unknown}
 n - 3 scrolls of teleportation
 A - a scroll of silence {unknown}
 B - a scroll of immolation {unknown}
Potions
 f - a potion of haste {unknown}
 m - 2 potions of ambrosia
 r - a potion of brilliance
 s - 2 potions of mutation
 t - 2 potions of lignification
 u - 2 potions of curing
 v - a potion of attraction {unknown}
 z - 2 potions of flight


   Skills:
 - Level 7.0 Fighting
 - Level 6.1 Staves
 - Level 11.0 Armour
 - Level 4.0 Dodging
 + Level 2.5 Stealth
 - Level 2.0 Spellcasting
 + Level 3.3 Conjurations
 + Level 3.3 Air Magic
 - Level 3.0 Invocations
 - Level 3.0 Evocations


You had 12 spell levels left.
You knew the following spells:

 Your Spells              Type           Power      Damage    Failure   Level
a - Static Discharge      Conj/Air       10%        3-5/arc   10%         2

Your spell library contained the following spells:

 Spells                   Type           Power      Damage    Failure   Level
 Apportation              Tloc           2%         N/A       26%         1
 Sticky Flame             Conj/Fire      5%         2d3       77%         4
 Cause Fear               Hex            0%         N/A       94%         4
 Dispel Undead            Necr           1%         3d6       94%         4
 Alistair's Intoxication  Tmut/Pois      0%         N/A       100%        5
 Dragon Form              Tmut           0%         N/A       100%        7
 Dragon's Call            Summ           0%         N/A       100%        9


Dungeon Overview and Level Annotations

Branches:
Dungeon (7/15)             Temple (0/1) D:4

Altars:
Qazlal
Ru

Shops:
D:4 ?   D:5 *([


Message History

Unknown command.
Throw: 2 darts (atropa)
Press: ? - help, Q - select action, (/) - cycle Shift-Dir - straight line, f/p - two-headed ogre
Aim: a two-headed ogre, wielding two +0 giant clubs (lightly wounded, 77% to hit, chance to blind on hit: 3%)
You throw an atropa-tipped dart.
The atropa-tipped dart hits the two-headed ogre.
The two-headed ogre resists.
The two-headed ogre is lightly wounded.
You hit the two-headed ogre.
You feel better.
The two-headed ogre is lightly wounded.
The two-headed ogre misses you.
The two-headed ogre hits you but does no damage.
You hit the two-headed ogre.
The two-headed ogre seems to grow stronger.
The two-headed ogre is lightly wounded.
A vampire comes into view.
It is wielding the +3 broad axe "Zyrphol" {vorpal, Fragile Will+ Str+3}.
You block the two-headed ogre's attack. The two-headed ogre barely misses you.
Press: ? - help, v - describe, . - travel
Here: a vampire, wielding the +3 broad axe "Zyrphol" {vorpal, Fragile Will+ Str+3} and wearing an amulet of reflection (reflecting blocked projectiles)
The floor.
Unknown command.
You feel very mighty all of a sudden.
Unknown command.
Press: ? - help, v - describe, . - travel
Here: a two-headed ogre, wielding two +0 giant clubs (lightly wounded, strong)
The floor.
Unknown command.
Unknown command.
Things that are here:
a +1 spear of venom; a +0 ring mail; a +0 buckler The two-headed ogre attacks as you move away!
The two-headed ogre hits you with a +0 giant club!!!
Ouch! That really hurt!
The two-headed ogre hits you with a +0 giant club!!
* * * LOW HITPOINT WARNING * * *
Unknown command.
You sock the two-headed ogre!
Nothing appears to happen.
The two-headed ogre is moderately wounded.
The two-headed ogre hits you with a +0 giant club!!
You die...

#?####.# ..# #.....#
....##)####.###.....#
#.......##..........#
#...?....#..####.....
........#..####..###
#..#.............###
#....#§....####..##.
#######†####..#..H.....##.
#.(....§O@.....#######.##.
#.###..V○.......# #....
#.....................
####.
#.###'#####'#####'###.#
#.. ... ##.. ##.# .# #.#
#.# #.# #.# # #.. #.# .'.
' ### #.# #. #. # ..# #.
....###


You could see a two-headed ogre (strong) and a vampire (reflecting).

Vanquished Creatures
  A hydra (D:7)
  A troll (D:7)
  Grinder (D:3)
  3 slime creatures (D:5)
  Sigmund (D:3)
  A yak (D:5)
  2 steam dragons
  An acid dragon (D:5)
  4 water moccasins
  An orc warrior (D:6)
  3 ice beasts
  2 sky beasts (D:7)
  3 black bears
  2 ogres
  2 phantoms (D:5)
  2 kobold brigands (D:6)
  Blork the orc (D:6)
  2 gnoll sergeants
  A necrophage (D:5)
  4 wights (D:6)
  7 scorpions
  A killer bee (D:4)
  2 electric eels (D:6)
  A gnoll bouda (D:5)
  8 hounds
  Crazy Yiuf (D:2)
  10 jellies
  8 iguanas
  Natasha (thrice) (D:3)
  2 orc wizards
  A gnoll (D:5)
  10 adders
  2 shadow imps (D:7)
  3 white imps
  A worm (D:2)
  A dart slug (D:3)
  10 orcs
  5 bats
  6 endoplasms
  3 giant cockroaches (D:1)
  5 goblins
  9 hobgoblins
  9 jackals
  9 kobolds
  6 quokkas
  7 ball pythons
  3 frilled lizards
  4 rats
175 creatures vanquished.

Vanquished Creatures (collateral kills)
  Maggie (D:7)
  An ogre (D:5)
  A phantom (D:5)
  A hound (D:4)
  An iguana (D:5)
  An orc (D:6)
6 creatures vanquished.

Vanquished Creatures (others)
  8 fungi (D:6)
  2 plants (D:4)
  7 toadstools (D:6)
17 creatures vanquished.

Grand Total: 198 creatures vanquished

Notes
Turn   | Place    | Note
-------+----------+-------------------------------------------
     0 | D:1      | HOAXBANE2 the Human Artificer began the quest for the Orb.
     0 | D:1      | Reached XP level 1. HP: 15/15 MP: 1/1
   193 | D:1      | Reached XP level 2. HP: 13/21 MP: 2/2
   752 | D:1      | Reached XP level 3. HP: 27/27 MP: 3/3
  1222 | D:2      | Found a runed translucent door.
  1223 | D:2      | Noticed Crazy Yiuf
  1232 | D:2      | Killed Crazy Yiuf
  1233 | D:2      | Reached skill level 3 in Armour
  1233 | D:2      | Reached XP level 4. HP: 14/34 MP: 4/4
  2308 | D:3      | Noticed Grinder
  2331 | D:3      | Killed Grinder
  2332 | D:3      | Reached skill level 4 in Armour
  2332 | D:3      | Reached XP level 5. HP: 33/41 MP: 5/5
  2332 | D:3      | Reached XP level 6. HP: 37/47 MP: 6/6
  2713 | D:3      | Noticed Sigmund
  2735 | D:3      | Killed Sigmund
  2736 | D:3      | Reached skill level 5 in Armour
  2736 | D:3      | Reached XP level 7. HP: 46/52 MP: 7/7
  3008 | D:3      | Found a stormy altar of Qazlal.
  3014 | D:3      | Became a worshipper of Qazlal Stormbringer
  3088 | D:3      | Reached skill level 6 in Armour
  3284 | D:3      | Noticed Natasha
  3289 | D:3      | Killed Natasha
  3481 | D:3      | Found a stormy altar of Qazlal.
  4108 | D:3      | Noticed Natasha
  4113 | D:3      | Killed Natasha
  4338 | D:3      | Found a stormy altar of Qazlal.
  4645 | D:3      | Noticed Natasha
  4663 | D:3      | Killed Natasha
  5147 | D:4      | Found a staircase to the Ecumenical Temple.
  5202 | D:4      | Reached skill level 5 in Fighting
  5202 | D:4      | Reached XP level 8. HP: 52/62 MP: 8/8
  5509 | D:4      | Found Beacoot's Magic Scroll Shoppe.
  5516 | D:4      | Bought a scroll of identify for 20 gold pieces
  5516 | D:4      | Bought a scroll of enchant armour for 75 gold pieces
  5516 | D:4      | Bought a scroll of identify for 20 gold pieces
  5769 | D:5      | Entered Level 5 of the Dungeon
  5796 | D:5      | Found Cecah's Antique Armour Shop.
  5802 | D:5      | Bought a glowing buckler for 172 gold pieces
  5847 | D:5      | Found Tolig's Weapon Shop.
  5892 | D:5      | Reached * piety under Qazlal
  5967 | D:5      | Found Faokk's General Store.
  6014 | D:5      | Reached skill level 7 in Armour
  6032 | D:5      | Reached XP level 9. HP: 68/72 MP: 9/9
  6144 | D:4      | Reached skill level 8 in Armour
  7047 | D:4      | Found Beacoot's Magic Scroll Shoppe.
  7106 | D:4      | Found a staircase to the Ecumenical Temple.
  7512 | D:4      | Reached skill level 5 in Staves
  8057 | D:5      | Reached skill level 9 in Armour
  8215 | D:6      | Reached XP level 10. HP: 27/79 MP: 10/10
  8667 | D:5      | Reached skill level 10 in Armour
  8805 | D:6      | Reached ** piety under Qazlal
  9009 | D:6      | Reached skill level 11 in Armour
  9497 | D:6      | Noticed Blork the orc
  9700 | D:5      | Learned a level 2 spell: Static Discharge
  9710 | D:6      | Killed Blork the orc
 10362 | D:5      | Reached skill level 1 in Spellcasting
 10362 | D:5      | Reached skill level 1 in Conjurations
 10362 | D:5      | Reached skill level 1 in Air Magic
 10362 | D:5      | Reached skill level 1 in Invocations
 10831 | D:7      | Noticed a five-headed hydra
 10862 | D:7      | Killed a five-headed hydra
 10863 | D:7      | Reached XP level 11. HP: 36/84 MP: 9/14
 11121 | D:7      | Found a sacrificial altar of Ru.
 11423 | D:7      | Noticed Maggie
 11441 | D:7      | Killed Maggie
 11518 | D:7      | Noticed a manticore
 11600 | D:7      | Noticed a two-headed ogre
 11608 | D:7      | Identified the +3 broad axe "Zyrphol" {vorpal, Fragile
                  | Will+ Str+3}
 11613 | D:7      | HP: 2/84 [two-headed ogre/+0 giant club (25)]
 11614 | D:7      | Demolished by a two-headed ogre

Illustrated notes

Levels and vault maps discovered:
D:1:      minmay_arrival_open_corners, layout_loops_ring,
          chequers_serial_rivers_small_3
D:2:      layout_basic, kennysheep_generic_room_6, uniq_crazy_yiuf_cottage
D:3:      layout_basic, mainiacjoe_overflow_small_starburst, uniq_sigmund,
          uniq_grinder, uniq_natasha
D:4:      layout_cave_pools, minmay_temple_entry_gardened_gates,
          nicolae_stop_n_shop_1
D:5:      cheibrodos_fzero, layout_cave_pools, serial_shops, shop,
          nicolae_shop_trees, shop, minmay_tree_intersection,
          chequers_mini_garden, grunt_tough_drop
D:6:      cheibrodos_fertilizer, layout_loops_ring, minivault_14,
          uniq_blork_the_orc
D:7:      minmay_the_grid_square_5x5_3x3 [minmay_the_grid_square_5x5_shrine2,
          minmay_the_grid_square_5x5_corner, minmay_the_grid_square_5x5_n_small,
          minmay_the_grid_square_5x5_spiral_small,
          minmay_the_grid_square_5x5_megaprize_crossed,
          minmay_the_grid_square_5x5_z, minmay_the_grid_square_5x5_tetrominoes,
          minmay_the_grid_square_5x5_c, minmay_the_grid_square_5x5_six],
          layout_loops_cross, mainiacjoe_overflow_24_doors,
          ashenzari_conservatory_becter, uniq_maggie

Skill      XL: |  1  2  3  4  5  6  7  8  9 10 11 |
---------------+----------------------------------+-----
Fighting       | 2 3 5 7 |  7.0
Armour         | 3 4 5 6 7 9 11 | 11.0
Staves         | 2 3 6 |  6.1
Dodging        | 4 |  4.0
Spellcasting   | 2 |  2.0
Conjurations   | 2 3 |  3.3
Air Magic      | 2 3 |  3.3
Invocations    | 2 3 |  3.0
Stealth        | 2 |  2.5
Evocations     | |  3.0

Action                   |  1- 3 |  4- 6 |  7- 9 | 10-12 || total
-------------------------+-------+-------+-------+-------++-------
Melee: Club              |    35 |       |       |       ||    35
       Dagger            |    25 |       |       |       ||    25
       Short sword       |    44 |       |       |       ||    44
       Punch             |     1 |       |       |       ||     1
       Quarterstaff      |       |    77 |   275 |   245 ||   597
Throw: Dart              |       |    17 |    30 |    21 ||    68
 Cast: Static Discharge  |       |       |       |     5 ||     5
Invok: Upheaval          |       |       |       |     2 ||     2
Evoke: Wand              |     4 |     7 |     6 |    13 ||    30
  Use: Scroll            |       |     2 |    11 |     4 ||    17
       Potion            |       |       |       |     2 ||     2
 Stab: Paralysed         |       |       |     4 |       ||     4
       Invisible         |       |       |     2 |     6 ||     8
       Confused          |       |       |     1 |       ||     1
       Distracted        |       |       |       |     1 ||     1
Armor: Plate armour      |    90 |    67 |   286 |    99 ||   542
       Acid dragon scale |       |       |       |    30 ||    30
       Steam dragon scal |       |       |       |    13 ||    13
       Skin              |       |       |       |     9 ||     9
Dodge: Dodged            |    23 |    17 |    78 |    86 ||   204
Block: Other             |       |       |     8 |    24 ||    32
